[Event "SWE-ch Weekend I 2019"]
[Site "Eskilstuna"]
[Date "2019.07.06"]
[Round "3.5"]
[White "Miloradovic, Jelena"]
[Black "Eriksson, Kristian"]
[Result "*"]
[ECO "C11"]
[WhiteElo "2099"]
[BlackElo "2123"]
[Annotator "NA"]
[PlyCount "23"]
[EventDate "2019.07.06"]
[EventType "swiss"]
[EventCountry "SWE"]
[SourceTitle "playchess.com"]
[Source "ChessBase"]
[SourceQuality "1"]
[TimeControl "5400+30"]

1. e4 e6 2. d4 d5 3. Nc3 Nf6 4. e5 Nfd7 5. f4 c5 6. Nf3 Nc6 7. Be3 Be7 8. Qd2 O-O 9. O-O-O c4 10. f5 b5 11. fxe6 fxe6 12. Nxb5 *

[Event "SWE-ch Weekend I 2019"]
[Site "Eskilstuna"]
[Date "2019.07.06"]
[Round "3.5"]
[White "Svorono, Gabriel"]
[Black "Eriksson, Joel"]
[Result "1/2-1/2"]
[ECO "C11"]
[WhiteElo "2098"]
[BlackElo "1998"]
[Annotator "NA"]
[PlyCount "38"]
[EventDate "2019.07.06"]
[EventType "swiss"]
[EventCountry "SWE"]
[SourceTitle "playchess.com"]
[Source "ChessBase"]
[SourceQuality "1"]
[TimeControl "5400+30"]

1. e4 e6 2. d4 d5 3. Nc3 Nf6 4. e5 Nfd7 5. f4 c5 6. Nf3 Nc6 7. Be3 Be7 8. Qd2 O-O 9. O-O-O c4 10. f5 b5 11. fxe6 fxe6 12. Nxb5 Qb6 13. Nd6 Rb8 14. c3 Na5 15. Be2 Bxd6 16. exd6 Nf6 17. Rhf1 Bd7 18. Ne5 Ba4 19. Rxf6 Rxf6 1/2-1/2

[Event "SWE-ch Weekend I 2019"]
[Site "Eskilstuna"]
[Date "2019.07.06"]
[Round "3.8"]
[White "Johansson, Rpy"]
[Black "Eriksson, Hans"]
[Result "*"]
[ECO "A48"]
[WhiteElo "1932"]
[BlackElo "1936"]
[Annotator "NA"]
[PlyCount "21"]
[EventDate "2019.07.06"]
[EventType "swiss"]
[EventCountry "SWE"]
[SourceTitle "playchess.com"]
[Source "ChessBase"]
[SourceQuality "1"]
[TimeControl "5400+30"]

1. d4 Nf6 2. Bf4 g6 3. e3 Bg7 4. h3 d6 5. Nf3 O-O 6. Be2 Nfd7 7. O-O Nc6 8. c4 e5 9. Bh2 exd4 10. exd4 Qf6 11. Nc3 *